 Dungeon Crawl Stone Soup version 0.30.1-11-g7821555f0a (webtiles) character file.

Game seed: 7978697619540341664

1433 fireball365 the Cleaver (level 8, -8/70 HPs)
             Began as a Hill Orc Fighter on Dec 2, 2023.
             Was an Initiate of Gozag.
             Killed by nerve-wracking pain
             ... invoked by Menkaure
              (12 damage)
             ... on level 6 of the Dungeon.
             The game lasted 00:11:42 (6653 turns).

fireball365 the Cleaver (Hill Orc Fighter)          Turns: 6653, Time: 00:11:44

Health: -8/70      AC: 19    Str: 21    XL:     8   Next: 73%
Magic:  8/8        EV:  7    Int:  8    God:    Gozag
Gold:   205        SH: 13    Dex: 10    Spells: 7/7 levels left

rFire   . . .        a - +0 war axe
rCold   + . .        y - +0 tower shield
rNeg    . . .        x - +7 Kryia's mail coat {PotionHeal*2 rC+}
rPois   +            (no helmet)
rElec   .            (no cloak)
rCorr   +            e - +2 pair of gloves
SInv    .            h - +0 pair of boots
Will    .....        (no amulet) Stlth
                     f - ring of poison resistance
HPRegen 0.31/turn    o - ring of resist corrosion
MPRegen 0.11/turn

%: no passive effects
@: brilliant
A: no striking features
a: Renounce Religion, Potion Petition, Call Merchant, Bribe Branch


You were on level 6 of the Dungeon.
You worshipped Gozag.
Gozag was aware of your devotion.
You visited 2 branches of the dungeon, and saw 8 of its levels.
You also visited: Sewer.

You collected 327 gold pieces.
You paid 122 gold pieces to Gozag.

Inventory:

Hand Weapons
 a - a +0 war axe (weapon)
Armour
 c - a +0 buckler
 e - a +2 pair of gloves (worn)
 h - a +0 pair of boots (worn)
 m - the +0 chain mail of Proximity {rElec Int+6 Stlth-}
   (You found it in a sewer)

   Int:       It affects your intelligence (+6).
   rElec:     It insulates you from electricity.
   Stlth:     It makes you less stealthy.
 x - the +7 Kryia's mail coat (worn) {PotionHeal*2 rC+}
   (You found it on level 3 of the Dungeon)

   PotionHeal*2: Potions heal its wearer twice as much.
   rC:        It protects you from cold.
 y - a +0 tower shield (worn)
Jewellery
 f - a ring of poison resistance (left hand)
 i - a ring of positive energy
 o - a ring of resist corrosion (right hand)
 D - an amulet of magic regeneration
 E - a ring of magical power
Wands
 A - a wand of paralysis (5)
 B - a wand of flame (24)
Scrolls
 b - a scroll of amnesia {unknown}
 j - a scroll of immolation {unknown}
 k - 2 scrolls of identify {unknown}
 p - a scroll of enchant armour
 q - a scroll of acquirement {unknown}
 u - a scroll of fog {unknown}
 v - a scroll of teleportation
 w - a scroll of poison
 z - a scroll of fear
Potions
 d - 4 potions of might
 g - a potion of lignification {unknown}
 l - 2 potions of mutation {unknown}
 n - 2 potions of heal wounds {unknown}
 r - 4 potions of brilliance
 s - 2 potions of attraction {unknown}
 t - 3 potions of curing {unknown}
 C - a potion of flight {unknown}


   Skills:
 + Level 5.9 Fighting
 + Level 9.1 Axes
 + Level 5.8 Armour
 + Level 2.5 Dodging
 + Level 0.5 Stealth
 + Level 5.6 Shields
 + Level 0.1 Evocations


You had 7 spell levels left.
You didn't know any spells.
Your spell library contained the following spells:

 Spells                   Type           Power      Damage    Failure   Level
 Ensorcelled Hibernation  Hex/Ice        0%         N/A       100%        2
 Passwall                 Tmut/Erth      0%         N/A       100%        2
 Call Canine Familiar     Summ           0%         N/A       100%        3
 Portal Projectile        Hex/Tloc       0%         N/A       100%        3
 Swiftness                Air            0%         N/A       100%        3
 Leda's Liquefaction      Hex/Erth       0%         N/A       100%        4
 Summon Forest            Summ/Tloc      0%         N/A       100%        5
 Eringya's Noxious Bog    Tmut/Pois      0%         N/A       100%        6
 Summon Hydra             Summ           0%         N/A       100%        7


Dungeon Overview and Level Annotations

Branches:
Dungeon (7/15)             Temple (1/1) D:5           Sewer (visited)

Altars:
Cheibriados
Elyvilon
Fedhas
Gozag
Nemelex Xobeh
Ru
Trog
Vehumet
Wu Jian
Xom
Yredelemnul
The Shining One

Shops:
D:1 [

Annotations:
D:6 Menkaure


Message History

Menkaure shouts!
Menkaure casts a spell.
Menkaure seems to speed up.
You see here a book of the Hunter.
You pick up a book of the Hunter and begin reading...
You add the spells Call Canine Familiar, Portal Projectile and Leda's Liquefaction to your library.
Menkaure shouts, "The curse of the Pharaohs be upon you!"
Menkaure sighs a few words.
Menkaure calls on the powers of darkness!
Your body is wracked with pain!
Menkaure points at you and mumbles some strange words.
Pain shoots through your body! Menkaure hits you!
* * * LOW HITPOINT WARNING * * *
You barely miss Menkaure. You block Menkaure's attack.
Menkaure hits you but does no damage.
You hit Menkaure.
Menkaure is lightly damaged.
You block Menkaure's attack.
It was a potion of brilliance.
You feel clever all of a sudden. You block Menkaure's attack.
You hit Menkaure.
Menkaure is heavily damaged.
Menkaure points at you and mumbles some strange words.
You struggle to resist.
Menkaure mumbles, "It doesn't hurt if you pull your brain out of your nose yourself."
You block Menkaure's attack.
You hit Menkaure.
Menkaure is heavily damaged.
You block Menkaure's attack.
You barely miss Menkaure.
Menkaure is heavily damaged.
Menkaure casts a spell at you. Pain shoots through your body!
* * * LOW HITPOINT WARNING * * *
Menkaure gestures at you while chanting.
Pain shoots through your body!
You die...
Your body crumbles into a pile of gold.

#.....................#
#####.####..########..#.
#.# #..# ##........ #.#
##..####......... #.#
#............... #.#
##..###......... #.#
##.##.......... #.#
#.##..M?......
#.....@.......
####>....##### #.....#
###.### ...# .....
...##. ##...


You could see Menkaure (fast).

Vanquished Creatures
  Prince Ribbit (D:5)
  A sky beast (D:6)
  A kobold brigand (D:6)
  3 bullfrogs
  A scorpion (D:5)
  2 howler monkeys (D:7)
  A jelly (D:5)
  3 hounds
  4 orc priests
  A sleepcap (D:4)
  3 iguanas
  6 orc wizards
  6 adders
  A river rat (D:4)
  3 shadow imps
  A white imp (D:5)
  An ufetubus (D:5)
  2 worms
  4 dart slugs
  21 orcs
  15 endoplasms
  8 giant cockroaches (Sewer)
  5 goblins
  4 hobgoblins
  2 jackals (D:3)
  12 quokkas
  15 ball pythons
  6 bats
  6 frilled lizards
  12 kobolds
  10 rats
161 creatures vanquished.

Notes
Turn   | Place    | Note
-------+----------+-------------------------------------------
     0 | D:1      | fireball365 the Hill Orc Fighter began the quest for the
                  | Orb.
     0 | D:1      | Reached XP level 1. HP: 19/19 MP: 1/1
    39 | D:1      | Found Qeuwk's Antique Armour Boutique.
   199 | D:1      | Reached XP level 2. HP: 22/27 MP: 2/2
   344 | D:1      | Found a faded altar of an unknown god.
   811 | D:2      | Reached XP level 3. HP: 33/33 MP: 3/3
  1194 | D:2      | Reached skill level 3 in Axes
  2068 | D:3      | Reached XP level 4. HP: 38/40 MP: 4/4
  2107 | D:3      | Reached skill level 4 in Axes
  2203 | D:3      | Found the +7 Kryia's mail coat {PotionHeal*2 rC+}
  2584 | D:3      | Reached XP level 5. HP: 47/47 MP: 5/5
  2882 | D:4      | Reached skill level 5 in Axes
  3111 | D:4      | Found a radiant altar of Vehumet.
  3138 | D:4      | Found a white marble altar of Elyvilon.
  3166 | D:4      | Found a glowing drain.
  3203 | Sewer    | Entered a sewer
  3229 | Sewer    | Reached XP level 6. HP: 53/53 MP: 6/6
  3557 | Sewer    | Reached skill level 5 in Fighting
  3557 | Sewer    | Reached skill level 6 in Axes
  3560 | Sewer    | Reached skill level 1 in Dodging
  3563 | Sewer    | Identified the +0 chain mail of Proximity {rElec Int+6
                  | Stlth-}
  3708 | D:4      | You fall into a shaft and drop 3 floors!
  3732 | D:7      | Reached XP level 7. HP: 47/61 MP: 7/7
  3747 | D:7      | Reached skill level 5 in Armour
  4041 | D:6      | Reached skill level 7 in Axes
  4055 | D:6      | Reached XP level 8. HP: 58/69 MP: 8/8
  4134 | D:6      | Reached skill level 5 in Shields
  4279 | D:5      | Entered Level 5 of the Dungeon
  4306 | D:5      | Found a glowing golden altar of the Shining One.
  5376 | D:5      | Reached skill level 8 in Axes
  5424 | D:5      | Noticed Prince Ribbit
  5476 | D:5      | Killed Prince Ribbit
  6181 | D:5      | Found a staircase to the Ecumenical Temple.
  6189 | Temple   | Entered the Ecumenical Temple
  6254 | Temple   | Became a worshipper of Gozag Ym Sagoz the Greedy
  6574 | D:6      | Reached skill level 9 in Axes
  6642 | D:6      | Noticed Menkaure
  6653 | D:6      | Killed from afar by Menkaure

Illustrated notes

Levels and vault maps discovered:
D:1:      minmay_arrival_glassed_features, layout_loops_cross, serial_shops,
          nicolae_diamond_shop, shapermc_ecumenical_altar_acropolis,
          minmay_misc_feat_pillars, chequers_serial_rivers_micro_e
D:2:      layout_basic
D:3:      layout_basic, minmay_fractal_squares_diagonal_5
D:4:      layout_layer_cave, mainiacjoe_overflow_alcove_4,
          mainiacjoe_overflow_24_doors, cheibrodos_sewer_entry_sluice
D:5:      layout_cave_pods, mainiacjoe_overflow_tiny_flanked,
          minmay_temple_entry_glassed_door, minmay_door_square,
          roderic_serpentine_path, uniq_prince_ribbit1
D:6:      layout_loops_ring, lemuel_doored_altar, uniq_menkaure
D:7:      layout_loops_ring, nicolae_wooded_promenade, st_stairs_9,
          roderic_roman_lattice
Temple:   jpeg_temple_island

Skill      XL: |  1  2  3  4  5  6  7  8 |
---------------+-------------------------+-----
Fighting       | 4 5 |  5.9
Axes           | 3 4 5 6 7 9 |  9.1
Shields        | 4 5 |  5.6
Armour         | 4 5 |  5.8
Dodging        | 1 2 |  2.5
Stealth        | |  0.5
Evocations     | |  0.1

Action                     |  1- 3 |  4- 6 |  7- 9 || total
---------------------------+-------+-------+-------++-------
  Melee: War axe           |    97 |   243 |   207 ||   547
  Evoke: Wand              |       |       |     2 ||     2
    Use: Scroll            |       |     4 |     2 ||     6
         Potion            |       |       |     1 ||     1
 Armour: Scale mail        |    60 |   193 |   103 ||   356
  Dodge: Dodged            |    56 |   131 |    50 ||   237
  Block: Buckler           |    29 |    59 |       ||    88
         Tower shield      |       |     7 |   130 ||   137
